Map: Orbital Shipyard

Players

FLiP

  • Race: Protoss Protoss
  • League: Diamond

MorN - Winner!

  • Race: Terran Terran
  • League: Master

VOD

Have the link to the VOD?

Description

Time

  • Played on: Nov. 29, 2015, 7:28 p.m.
  • Length: 16:28
Show
View Real Time Build Order
Export as new Build Order

FLiP Protoss 

Build Orders:  

Get SALT Encoding   

  12  0:01  Probe (Chrono Boost)  
  13  0:12  Probe (Chrono Boost)  
  14  0:19  Pylon  
  14  0:22  Probe (Chrono Boost)  
  15  0:38  Probe (Chrono Boost), Gateway  
  16  0:45  Assimilator  
  16  0:48  Probe (Chrono Boost)  
  17  0:57  Assimilator  
  17  0:59  Pylon  
  17  1:01  Probe (Chrono Boost)  
  18  1:12  Probe (Chrono Boost)  
  19  1:22  Probe (Chrono Boost)  
  19  1:25  Cybernetics Core  
  22  1:33  Probe (Chrono Boost)  
  23  1:43  Probe (Chrono Boost)  
  24  1:54  Probe (Chrono Boost)  
  23  1:59  Nexus  
  23  2:04  Stalker  
  24  2:12  Mothership Core (Chrono Boost)  
  26  2:20  Pylon  
  26  2:25  Warp Gate  
  26  2:30  Probe (Chrono Boost)  
  27  2:40  Probe (Chrono Boost)  
  28  2:51  Probe (Chrono Boost)  
  29  3:01  Probe (Chrono Boost), Robotics Facility  
  30  3:09  Gateway  
  30  3:11  Gateway  
  30  3:12  Probe (Chrono Boost)  
  31  3:14  Gateway  
  31  3:16  Probe (Chrono Boost)  
  32  3:23  Probe (Chrono Boost)  
  32  3:26  Probe (Chrono Boost)  
  34  3:31  Zealot  
  34  3:33  Probe (Chrono Boost)  
  37  3:37  Probe (Chrono Boost)  
  38  3:43  Probe (Chrono Boost)  
  38  3:44  Pylon  
  38  3:46  Probe (Chrono Boost)  
  40  3:49  Warp Prism (Chrono Boost)  
  40  3:54  Probe  
  43  4:02  Probe  
  41  4:07  Probe  
  43  4:13  Probe  
  44  4:19  Probe  
  44  4:21  Observer (Chrono Boost)  
  44  4:23  Probe  
  46  4:31  Probe  
  47  4:33  Stalker  
  47  4:34  Zealot x3  
  55  4:40  Observer (Chrono Boost)  
  56  4:46  Mothership Core  
  56  4:49  Probe  
  57  5:00  Probe  
  57  5:02  Immortal (Chrono Boost)  
  57  5:05  Forge  
  57  5:06  Forge  
  62  5:10  Pylon  
  62  5:14  Twilight Council  
  62  5:16  Nexus  
  62  5:18  Pylon  
  62  5:24  Assimilator  
  62  5:26  Probe  
  62  5:28  Probe  
  64  5:29  Zealot x2, Assimilator  
  64  5:30  Zealot  
  70  5:37  Probe  
  70  5:40  Probe  
  76  5:43  Immortal (Chrono Boost)  
  76  5:47  Probe  
  67  5:50  Protoss Ground Weapons Level 1 (Chrono Boost)  
  67  5:52  Probe, Protoss Ground Armor Level 1 (Chrono Boost)  
  66  6:06  Probe  
  66  6:07  Probe, Charge  
  64  6:18  Probe x2  
  66  6:27  Gateway  
  66  6:29  Gateway  
  66  6:30  Probe, Immortal (Chrono Boost)  
  66  6:31  Probe  
  66  6:32  Gateway  
  72  6:33  Probe  
  72  6:37  Gateway  
  72  6:42  Probe  
  72  6:43  Probe  
  72  6:46  Probe  
  74  6:47  Pylon  
  74  6:54  Probe  
  74  6:55  Probe  
  74  6:56  Assimilator  
  74  6:58  Probe  
  74  7:00  Assimilator  
  77  7:02  Immortal, Pylon  
  77  7:06  Probe  
  77  7:07  Probe  
  83  7:10  Templar Archives, Probe  
  83  7:14  Sentry x2  
  88  7:19  Zealot x2  
  88  7:21  Probe x2  
  94  7:25  Probe  
  94  7:33  Probe, Zealot x3  
  96  7:44  Zealot  
  96  7:45  Zealot  
  100  7:52  Pylon  
  100  7:54  Pylon  
  100  7:56  Zealot, Pylon  
  101  7:58  Pylon  
  101  8:12  Probe x3  
  94  8:25  Zealot x6  
  94  8:26  Zealot  
  96  8:34  Mothership Core, Immortal  
  98  8:42  Protoss Ground Armor Level 2 (Chrono Boost)  
  98  8:43  Protoss Ground Weapons Level 2 (Chrono Boost)  
  98  8:46  Zealot x5  
  98  8:47  Zealot x2  
  112  8:48  Probe  
  112  8:52  Pylon x2  
  113  8:57  Probe  
  112  9:08  Immortal  
  112  9:13  Zealot x5  
  112  9:14  Zealot x3  
  119  9:28  Probe x2  
  121  9:41  High Templar x2  
  121  9:42  High Templar x2  
  121  9:43  High Templar x2  
  133  9:48  Pylon  
  133  9:49  Archon x3  
  133  9:51  Pylon  
  133  9:54  Pylon  
  133  10:00  Pylon  
  133  10:03  Immortal, Pylon  
  133  10:05  Pylon  
  133  10:08  Pylon  
  133  10:13  High Templar x2  
  139  10:15  Zealot  
  139  10:16  Zealot x4  
  144  10:31  Archon  
  140  10:36  Zealot x2  
  140  10:37  Immortal, Zealot x4  
  140  10:41  Gateway  
  140  10:42  Gateway  
  154  10:48  Zealot  
  156  10:56  Zealot  
  156  10:59  High Templar  
  156  11:00  High Templar  
  156  11:10  Probe  
  157  11:16  Archon  
  157  11:21  Nexus  
  157  11:24  Pylon  
  157  11:26  Pylon  
  157  11:27  Pylon, Protoss Ground Armor Level 3 (Chrono Boost)  
  157  11:28  Protoss Ground Weapons Level 3 (Chrono Boost)  
  157  11:37  Warp Prism  
  157  11:42  Mothership Core, Probe  
  157  11:45  High Templar x3  
  157  11:46  High Templar x2  
  172  11:47  High Templar  
  172  11:48  Zealot x3  
  172  11:51  Archon  
  180  11:59  Archon  
  180  12:00  Archon  
  180  12:03  Probe  
  181  12:11  Pylon  
  181  12:13  Assimilator  
  181  12:16  Psionic Storm  
  181  12:17  Assimilator  
  181  12:19  Photon Cannon  
  181  12:21  Photon Cannon  
  181  12:22  Photon Cannon  
  181  12:23  Photon Cannon  
  181  12:29  Probe  
  182  12:31  Pylon  
  182  12:55  Zealot x3  
  182  12:56  Zealot x5  
  186  13:00  Zealot x2  
  139  13:20  Zealot x6  
  139  13:21  Zealot x3  
  157  13:30  Pylon  
  157  13:32  Probe x2, Immortal  
  151  13:49  Zealot x7  
  151  13:50  Zealot x2  
  166  13:55  Gateway  
  166  13:57  Gateway  
  166  13:58  Gateway  
  166  14:01  Gateway  
  124  14:12  High Templar x3  
  124  14:13  High Templar x2  
  124  14:14  High Templar  
  124  14:15  High Templar  
  124  14:16  High Templar x2  
  138  14:18  Immortal  
  138  14:19  Archon x3  
  138  14:20  Archon  
  114  14:47  Zealot x3  
  114  14:48  Zealot x3  
  114  14:49  Zealot x3  
  126  14:53  Immortal  
  100  15:04  Zealot x2  
  94  15:10  Zealot x5  
  94  15:11  Zealot x4  
  91  15:31  High Templar  
  91  15:32  High Templar x2  
  97  15:39  Zealot, Archon  
  97  15:40  Zealot x6  
  99  15:51  Observer  
  87  16:03  Zealot x5  
  97  16:09  High Templar x2  
  97  16:10  High Templar x2  
  91  16:17  Archon  
  91  16:18  Archon  
Show
View Real Time Build Order
Export as new Build Order

MorN Terran - Winner!

Build Orders: MMM Bio 

Get SALT Encoding   

  12  0:01  SCV  
  13  0:13  SCV  
  14  0:17  Supply Depot  
  14  0:25  SCV  
  15  0:39  SCV  
  15  0:40  Barracks  
  16  0:49  Refinery  
  16  0:53  SCV  
  17  1:05  SCV  
  18  1:17  SCV  
  19  1:30  Marine  
  19  1:32  Orbital Command  
  20  1:40  Command Center  
  20  1:48  Marine  
  21  1:59  Factory  
  21  2:04  SCV  
  21  2:08  Marine  
  23  2:23  Supply Depot  
  23  2:40  Command Center  
  23  2:42  Factory Tech Lab  
  23  2:49  Barracks  
  22  2:57  SCV  
  23  2:59  Orbital Command  
  23  3:01  Marine  
  24  3:10  Cyclone  
  27  3:18  Refinery  
  27  3:23  Marine  
  27  3:24  SCV  
  27  3:25  SCV  
  30  3:32  Engineering Bay  
  30  3:37  SCV  
  31  3:42  SCV  
  32  3:50  Factory Reactor  
  32  3:52  Marine  
  32  3:53  Stimpack  
  33  4:02  SCV x2  
  35  4:03  Missile Turret  
  35  4:05  Missile Turret  
  35  4:06  Orbital Command  
  36  4:17  SCV, Barracks  
  36  4:19  SCV  
  36  4:24  Barracks Tech Lab  
  37  4:29  SCV  
  38  4:31  SCV x2  
  38  4:32  Terran Infantry Weapons Level 1  
  40  4:45  Combat Shields, Marauder x2  
  44  4:46  SCV  
  44  4:49  SCV, Refinery  
  46  4:53  SCV  
  46  4:58  SCV  
  48  5:01  SCV  
  48  5:02  Supply Depot  
  49  5:11  Starport, Factory Reactor  
  49  5:15  SCV  
  49  5:16  SCV  
  49  5:18  Marine x2  
  49  5:19  Marauder x2  
  57  5:22  SCV  
  57  5:26  Supply Depot  
  57  5:27  SCV  
  57  5:28  SCV  
  60  5:30  Supply Depot  
  60  5:34  SCV  
  61  5:38  Marine x2  
  61  5:39  SCV  
  61  5:40  SCV, Marauder  
  65  5:57  Marauder, Marine x2  
  66  6:10  SCV x2  
  66  6:11  Marine  
  68  6:14  Orbital Command  
  68  6:15  Marine  
  69  6:18  Marauder  
  69  6:19  Barracks  
  69  6:20  Barracks, Medivac x2  
  69  6:21  Factory Reactor  
  69  6:25  Marine  
  76  6:29  Marauder  
  76  6:31  SCV x2  
  82  6:40  Marauder  
  82  6:43  SCV  
  82  6:44  SCV  
  82  6:46  Refinery  
  84  6:48  Marine  
  84  6:53  Supply Depot x2  
  85  6:55  Supply Depot  
  85  7:06  Supply Depot  
  85  7:13  Barracks Tech Lab  
  85  7:14  SCV x2, Barracks Reactor, Marine, Medivac x2  
  85  7:15  Marauder x2  
  96  7:16  SCV  
  97  7:26  SCV x2  
  99  7:32  Marine x3  
  99  7:36  Marauder x2  
  106  7:50  Marine x2  
  106  7:51  Medivac x2, Marauder  
  113  7:54  Armory, Engineering Bay  
  113  7:57  Marauder  
  113  7:58  Marauder  
  117  8:05  Marine x2  
  114  8:08  Marine  
  114  8:09  Marine  
  114  8:12  Marauder  
  115  8:18  Marine  
  115  8:19  Marauder  
  116  8:23  Marine  
  116  8:26  Marine x2  
  72  8:27  Medivac x2  
  115  8:28  Marine  
  115  8:33  Marauder  
  116  8:36  Marine  
  116  8:38  Terran Infantry Armor Level 1, SCV  
  116  8:40  Supply Depot x3  
  117  8:43  Supply Depot  
  117  8:44  Supply Depot  
  117  8:54  Supply Depot  
  117  9:01  Marine x3, Marauder  
  117  9:02  SCV x3, Marauder  
  123  9:13  Liberator x2  
  123  9:14  SCV x3  
  120  9:20  Marine x4  
  120  9:21  Marauder  
  110  9:25  Marine x2  
  110  9:26  SCV x2  
  110  9:30  Command Center  
  110  9:31  Widow Mine x2  
  118  9:38  Marine  
  123  9:41  Marine x2  
  123  9:42  Marauder, Marine  
  123  9:43  Marauder x2  
  132  9:46  SCV  
  132  9:48  Refinery, Terran Infantry Weapons Level 2  
  132  9:49  Refinery  
  132  9:50  Terran Vehicle Weapons Level 1  
  133  9:55  Liberator  
  133  9:56  SCV x2  
  135  10:01  Widow Mine x2  
  142  10:25  Marauder, Marine x3  
  143  10:29  Marauder, Marine x2  
  145  10:41  Medivac  
  145  10:42  Marine x2  
  144  10:43  Marine  
  144  10:46  Marine x2  
  144  10:47  Marauder  
  148  10:54  Liberator  
  148  10:55  Medivac  
  148  11:04  Marauder, Marine x3  
  147  11:05  Marauder  
  147  11:08  Liberator  
  153  11:15  Marine  
  153  11:16  Marine  
  156  11:21  Marine  
  156  11:22  Terran Infantry Armor Level 2, Marine x2  
  159  11:26  Marauder, Marine  
  165  11:33  Marine  
  165  11:34  Marauder  
  165  11:37  Liberator  
  165  11:39  Marine x2  
  169  11:40  Marine  
  169  11:44  Planetary Fortress, Marauder  
  169  11:46  Refinery, Barracks x2  
  173  11:47  Barracks, Missile Turret, Marine  
  173  11:48  Refinery, Missile Turret  
  174  11:55  Marauder  
  179  12:04  Marine  
  180  12:13  Supply Depot  
  180  12:15  Supply Depot, Terran Infantry Weapons Level 3  
  180  12:19  Liberator  
  180  12:21  Liberator  
  180  12:35  Marauder x2, Marine x2  
  180  12:36  Marine x3  
  192  12:37  Barracks Tech Lab x3  
  194  13:00  Marine x2  
  194  13:01  Marauder  
  194  13:02  Liberator, Marine x2  
  194  13:03  Marauder  
  190  13:08  Liberator  
  190  13:09  Marine x2  
  190  13:10  Marauder  
  158  13:16  Marine  
  158  13:18  Marine x2  
  160  13:23  Marauder  
  160  13:24  Marine x3  
  159  13:28  Marauder  
  159  13:33  Marine x2  
  163  13:34  Marauder  
  163  13:38  Widow Mine x2  
  163  13:41  Terran Infantry Armor Level 3  
  169  13:43  Marauder  
  169  13:44  Marauder  
  169  13:45  Liberator  
  169  13:47  Marine  
  171  13:53  Marine  
  171  13:54  Marauder, Marine  
  158  14:06  Marine x3  
  158  14:07  Marine x2, Marauder  
  158  14:08  Liberator, Marauder  
  155  14:14  Marine x2  
  155  14:15  Marine  
  158  14:19  Widow Mine x2  
  158  14:23  Marine x2  
  161  14:24  Marine, Marauder  
  161  14:25  Marine  
  161  14:28  Marine, Marauder, Liberator  
  171  14:32  Marine x2  
  171  14:33  Marauder  
  178  14:47  Marine x3  
  178  14:48  Marauder x2  
  178  14:51  Liberator  
  181  14:58  Marine x3  
  181  14:59  Marauder  
  166  15:03  Marine  
  166  15:05  Marine x2  
  159  15:11  Liberator  
  159  15:12  Marine  
  158  15:17  Marine x2  
  158  15:19  Marine  
  158  15:20  Marine  
  161  15:50  Marine x2  
  161  15:51  Marine  
  161  15:52  Marauder, Marine x2  
  171  16:09  Marine x2  
Tags
 
Composition
MMM Bio
Matchup
PvT
Replay Pack
MorN pack 2
Add a new tag
Caveats
  • Supply blocks, unpowered buildings, or Contaminate may cause inaccurate times.
  • Supply counts are checked every 10 seconds.